 Dungeon Crawl Stone Soup version 0.31-a0-981-geadf994542 (webtiles) character file.

Game seed: 5745807189058320624

190 FakeRyeBread the Shield-Bearer (level 5, -4/33 HPs)
             Began as a Gargoyle Fighter on Nov 1, 2023.
             Splashed by a jelly's acid (9 damage)
             ... on level 4 of the Dungeon.
             The game lasted 00:07:07 (2188 turns).

FakeRyeBread the Shield-Bearer (Gargoyle Fighter)   Turns: 2188, Time: 00:07:08

Health: -4/33      AC: -3    Str: 21    XL:     5   Next: 69%
Magic:  0/5        EV:  9    Int:  9    God:
Gold:   221        SH:  4    Dex:  9    Spells: 4/4 levels left

rFire   . . .        a - +0 flail
rCold   . . .        c - +0 buckler
rNeg    + . .        b - +0 scale mail
rPois   ∞            o - +0 helmet
rElec   +            (no cloak)
rCorr   .            (no gloves)
SInv    .            (no boots)
Will    .....        e - amulet of guardian spirit Stlth
                     (no ring)
HPRegen 0.25/turn    (no ring)
MPRegen 0.09/turn

%: guardian spirit
@: corroded
A: sickness immunity, AC +4, negative energy resistance 1, electricity
resistance, torment resistance 1, petrification resistance
a: no special abilities


You were on level 4 of the Dungeon.
You visited 1 branch of the dungeon, and saw 4 of its levels.

You collected 221 gold pieces.

Inventory:

Hand Weapons
 a - a +0 flail (weapon)
Missiles
 f - 6 boomerangs
Armour
 b - a +0 scale mail (worn)
 c - a +0 buckler (worn)
 o - a +0 helmet (worn)
Jewellery
 e - an amulet of guardian spirit (around neck)
 h - a ring of wizardry
 k - a ring of wizardry
 n - an amulet of magic regeneration
Wands
 r - a wand of flame (7)
Scrolls
 g - a scroll of teleportation
 i - 2 scrolls of identify
 m - 2 scrolls of immolation
Potions
 d - a potion of might
 j - a potion of lignification
 l - a potion of attraction
 p - a potion of resistance
 q - 2 potions of curing


   Skills:
 + Level 4.2 Fighting
 * Level 3.8 Maces & Flails
 + Level 4.2 Armour
 + Level 4.2 Shields


You had 4 spell levels left.
You didn't know any spells.
Your spell library contained the following spells:

 Spells                   Type           Power      Damage    Failure   Level
 Magic Dart               Conj           0%         1d3       78%         1
 Blink                    Tloc           0%         N/A       89%         2
 Call Imp                 Summ           0%         N/A       89%         2
 Lesser Beckoning         Tloc           0%         N/A       89%         2
 Momentum Strike          Conj/Tloc      0%         3d8       89%         2
 Scorch                   Fire           0%         2d5       89%         2
 Gell's Gravitas          Tloc           0%         N/A       98%         3
 Mephitic Cloud           Conj/Pois/Air  0%         N/A       98%         3
 Teleport Other           Tloc           0%         N/A       98%         3
 Flame Wave               Conj/Fire      0%         2d4       100%        4
 Dispersal                Tloc           0%         N/A       100%        6
 Summon Cactus Giant      Summ           0%         N/A       100%        6


Dungeon Overview and Level Annotations

Branches:
Dungeon (4/15)
 Temple: D:4-7

Altars:
Elyvilon
Qazlal


Innate Abilities, Weirdness & Mutations

You are immune to sickness and miasma.
Your stone body is resilient. (AC +4)
You are immune to poison.
You resist negative energy. (rN+)
You are resistant to electric shocks. (rElec)
You are resistant to unholy torment.
You are immune to petrification.


Message History

You now have 221 gold pieces (gained 16).
r - a wand of flame (7)
A jelly comes into view.
Found 10 gold pieces.
The jelly quivers.
The jelly moves out of view.
You barely miss the jelly. You block the jelly's attack.
You hit the jelly.
Your hands burn!
The jelly is lightly wounded.
The jelly hits you but does no damage.
You completely miss the jelly.
The jelly is lightly wounded.
The jelly hits you but does no damage. The jelly hits you.
You are splashed with acid!
You hit the jelly but do no damage. The acid corrodes you!
Your hands burn!
The jelly is lightly wounded.
The jelly hits you but does no damage.
You barely miss the jelly.
The jelly is lightly wounded.
You block the jelly's attack.
You hit the jelly but do no damage.
Your hands burn!
The jelly is lightly wounded.
The jelly jiggles.
The jelly barely misses you. x2
You hit the jelly but do no damage.
Your hands burn!
The jelly is lightly wounded.
The jelly hits you but does no damage.
You hit the jelly.
Your hands burn!
The jelly is moderately wounded.
The jelly barely misses you.
You thump the jelly! The acid corrodes you!
Your hands burn!
The jelly is severely wounded.
The jelly completely misses you.
You hit the jelly. The acid corrodes you!
Your hands burn!
* * * LOW HITPOINT WARNING * * *
The jelly is almost dead.
The jelly hits you.
* * * LOW HITPOINT WARNING * * *
The acid corrodes you!
You are splashed with acid!
You die...

### ..#
#.# #.#
.$# ###.#
#..J# #
#(#@#
#.##.#.#
#......#
######.###
#.....<#
#####
#.######
#...####.#
##.......#
#########


You could see a jelly.

Vanquished Creatures
  An orc priest (D:3)
  2 orc wizards (D:3)
  Robin (D:2)
  A gnoll (D:2)
  An adder (D:2)
  2 dart slugs (D:1)
  8 orcs (D:3)
  4 endoplasms
  A giant cockroach (D:2)
  15 goblins
  5 hobgoblins
  3 jackals (D:1)
  2 quokkas
  2 ball pythons
  7 bats
  3 frilled lizards
  4 kobolds
  3 rats
65 creatures vanquished.

Notes
Turn   | Place    | Note
-------+----------+-------------------------------------------
     0 | D:1      | FakeRyeBread the Gargoyle Fighter began the quest for the
                  | Orb.
     0 | D:1      | Reached XP level 1. HP: 14/14 MP: 1/1
   137 | D:1      | Reached XP level 2. HP: 15/19 MP: 2/2
   440 | D:1      | Reached XP level 3. HP: 22/23 MP: 3/3
   790 | D:2      | Found a white marble altar of Elyvilon.
   856 | D:2      | Noticed Robin
   890 | D:2      | Reached XP level 4. HP: 11/29 MP: 4/4
   892 | D:2      | Killed Robin
  1015 | D:2      | Found a faded altar of an unknown god.
  1449 | D:3      | Reached XP level 5. HP: 15/33 MP: 5/5
  1719 | D:3      | HP: 1/33 [something (1)]
  2020 | D:3      | Found a stormy altar of Qazlal.
  2188 | D:4      | Splashed by a jelly's acid

Illustrated notes

Levels and vault maps discovered:
D:1:      lightli_arrival_chessboard, layout_loops_ring,
          nicolae_concentric_dashed_squares_mild
D:2:      kennysheep_big_flooded_room, layout_rooms, basic_altar,
          basic_ecumenical_altar, uniq_robin
D:3:      layout_basic, mainiacjoe_overflow_surrounded_room
D:4:      kennysheep_slugbush, layout_loops_cross, mainiacjoe_overflow_alcove_2,
          mainiacjoe_overflow_chevrons, grunt_dithmenos_smoke_and_mirrors,
          uniq_duvessa, uniq_crazy_yiuf_cottage, uniq_ijyb

Skill      XL: |  1  2  3  4  5 |
---------------+----------------+-----
Maces & Flails | 3 |  3.8
Armour         | 4 |  4.2
Shields        | 4 |  4.2
Fighting       | 4 |  4.2

Action                     |  1- 3 |  4- 6 || total
---------------------------+-------+-------++-------
  Melee: Flail             |   136 |   130 ||   266
    Use: Scroll            |       |    10 ||    10
         Potion            |       |     3 ||     3
 Armour: Scale mail        |   103 |   150 ||   253
  Dodge: Dodged            |    75 |    83 ||   158
  Block: Buckler           |    39 |    45 ||    84

Table legend: (Time is in decaauts)
 A = Elapsed time spent in this place.
 B = Non-inter-level travel time spent in this place.
 C = Inter-level travel time spent in this place.
 D = Time resting spent in this place.
 E = Time spent auto-exploring this place.
 F = Levels seen in this place.
 G = Mean time per level.
                   A        B        C        D        E       F      G
               +--------+--------+--------+--------+--------+-----+--------+
         Total |   2260 |   2104 |    156 |    198 |   1290 |   4 |  565.0 |
       Dungeon |   2260 |   2104 |    156 |    198 |   1290 |   4 |  565.0 |
               +--------+--------+--------+--------+--------+-----+--------+

Top non-repeatable levels by time:
     D:1: 818 daAuts
     D:3: 791 daAuts
     D:2: 595 daAuts
     D:4: 55 daAuts
